 Dungeon Crawl Stone Soup version 0.29.1-15-g9cfb28693d (webtiles) character file.

Game seed: 10429067983377137634

7150 hawla the Thaumaturge (level 11, -1/83 HPs)
             Began as a Meteoran Fire Elementalist on Apr 25, 2023.
             Slain by an orc warrior
             ... wielding a +0 halberd
              (11 damage)
             ... on level 10 of the Dungeon on Apr 26, 2023.
             The game lasted 00:21:30 (4519 turns).

hawla the Thaumaturge (Meteoran Fire Elementalist)  Turns: 4519, Time: 00:21:30

Health: -1/83      AC:  9    Str: 10    XL:     11   Next: 57%
Magic:  18/27      EV: 14    Int: 21    God:
Gold:   461        SH:  0    Dex: 15    Spells: 25/32 levels left

rFire   + . .      SeeInvis .   C - +4 flail (drain)
rCold   . . .      Faith    .   (no shield)
rNeg    . . .      Spirit   .   a - +0 robe
rPois   .          Reflect  .   (helmet restricted)
rElec   .          Harm     .   o - +0 cloak
rCorr   .          Rampage  .   (no gloves)
Will    +....      Rage     3%  (no boots)
Stlth   +.........              x - amulet of magic regeneration
HPRegen 0.23/turn               b - +4 ring of protection
MPRegen 0.60/turn               y - ring of protection from fire

@: glowing
A: sense surroundings 2, otherworldly, glowing, explore regen, horns 1,
iridescent scales 1, berserk 1
a: no special abilities


You were on level 10 of the Dungeon.
You visited 2 branches of the dungeon, and saw 10 of its levels.

You collected 571 gold pieces.
You spent 110 gold pieces at shops.

Inventory:

Hand Weapons
 n - a +2 quarterstaff of chaos
 C - a +4 flail of draining (weapon)
Armour
 a - a +0 robe (worn)
 o - a +0 cloak (worn)
 t - a +0 helmet
Magical Staves
 f - a staff of fire
 j - a staff of death
Jewellery
 b - a +4 ring of protection (left hand)
 k - an amulet of reflection
 w - an amulet of the acrobat
 x - an amulet of magic regeneration (around neck)
 y - a ring of protection from fire (right hand)
Wands
 d - a wand of mindburst (7)
 q - a wand of digging (10)
 v - a wand of flame (54) (quivered)
 B - a wand of quicksilver (7)
Scrolls
 c - 6 scrolls of enchant weapon
 e - 11 scrolls of teleportation
 g - 2 scrolls of enchant armour
 h - 3 scrolls of amnesia
 l - 2 scrolls of brand weapon
 p - 3 scrolls of fear
 u - a scroll of poison
Potions
 i - 2 potions of might
 m - 2 potions of attraction
 r - 3 potions of lignification
 s - a potion of magic
 z - 3 potions of heal wounds


   Skills:
 + Level 3.9 Fighting
 + Level 6.6(7.3) Maces & Flails
 + Level 4.1(5.7) Staves
 + Level 5.8 Dodging
 - Level 1.4 Stealth
 + Level 11.4 Spellcasting
 + Level 7.2 Conjurations
 + Level 3.0 Necromancy
 + Level 10.5 Fire Magic
 + Level 3.0 Evocations


You had 25 spell levels left.
You knew the following spells:

 Your Spells              Type           Power      Damage    Failure   Level
a - Foxfire               Conj/Fire      100%       2x1d9     1%          1
b - Scorch                Fire           100%       2d10      1%          2
c - Flame Wave            Conj/Fire      49%        2d12      1%          4

Your spell library contained the following spells:

 Spells                   Type           Power      Damage    Failure   Level
 Static Discharge         Conj/Air       27%        3-7/arc   1%          2
 Conjure Flame            Conj/Fire      49%        6-21      1%          3
 Inner Flame              Hex/Fire       34%        N/A       1%          3
 Lightning Bolt           Conj/Air       13%        1d27      34%         5
 Maxwell's Capacitive Co  Air            6%         ∞         100%        8


Dungeon Overview and Level Annotations

Branches:
Dungeon (10/15) Zot: 984   Temple (1/1) D:7 Zot: 470     Orc (0/2) D:9
   Lair: D:8-11

Altars:
Ashenzari
Dithmenos
Elyvilon
Fedhas
Gozag
Hepliaklqana
Makhleb
Nemelex Xobeh
Qazlal
Ru
Sif Muna
Trog
Uskayaw
Wu Jian
Xom
Zin
The Shining One

Shops:
D:5 *   D:10 :


Innate Abilities, Weirdness & Mutations

You passively map the area around you.
You are easily found by Zot.
You glow in the dark.
You regain HP and MP as you explore.
You have a pair of small horns on your head.
You are partially covered in iridescent scales. (AC +2)
You sometimes lose your temper in combat.


Message History

The orc warrior unwields a +0 arbalest.
The orc warrior wields a +0 mace.
The orc warrior closely misses you. x2
A wave of flame ripples out!
The flame wave engulfs the orc warrior!
The orc warrior is almost dead.
The flame wave engulfs the orc warrior.
The orc warrior is lightly wounded.
The orc warrior hits you from afar with a +0 halberd!
The orc warrior barely misses you.
Unknown command.
A wave of flame ripples out!
The flame wave engulfs the orc warrior but does no damage.
The orc warrior is almost dead.
The flame wave engulfs the orc warrior!
The orc warrior is heavily wounded.
You finish channelling waves of flame.
The orc warrior barely misses you. The orc warrior misses you.
Casting: Flame Wave (dangerous; 1% risk of failure)
Confirm with . or Enter, or press ? or * to list all spells.
Flames lash the killer bee.
The killer bee is heavily wounded.
The killer bee's fire resistance burns away.
The orc warrior closely misses you.
The orc warrior hits you but does no damage.
The killer bee misses you.
Casting: Scorch (safe; 1% risk of failure)
Confirm with . or Enter, or press ? or * to list all spells.
Casting: Flame Wave (dangerous; 1% risk of failure)
Press: ? - help, Dir - look around, f - activate A wave of flame ripples out!
The flame wave engulfs the killer bee!
The killer bee is burned terribly!
You kill the killer bee!
The flame wave engulfs the orc warrior!
You kill the orc warrior! (Press . to intensify the flame waves.)
The orc warrior hits you from afar with a +0 halberd!!
* * * LOW HITPOINT WARNING * * *
A wave of flame ripples out!
The flame wave engulfs the orc warrior.
The orc warrior is severely wounded.
The orc warrior hits you from afar with a +0 halberd!
You die...

, , , ,*
#..........# ,
.......<..# ***
* .........# *#,
, , ........#
'(, * .......#.#
, * .......?##,
######.)o.....#
*
#.....@†...#..#
, #............#
#..>..>...#..# ,
+ '
###.........# .
* *
##...#########,,
, ** ,,
##...#..≈§§≈~ *
#....#.§§.§.§≈
#....#.≈§≈≈≈.≈.*
* *###
#....#.§§...≈§.
* ,...


You could see an orc warrior.

Vanquished Creatures
  A two-headed ogre (D:10)
  An unseen horror (D:10)
  A komodo dragon (D:10)
  A troll (D:9)
  A hornet (D:7)
  5 yaks (D:9)
  A shadow (D:10)
  A steam dragon (D:10)
  4 vampire mosquitoes (D:10)
  An acid dragon (D:9)
  6 water moccasins
  2 orc warriors
  4 ice beasts
  5 black bears
  3 centaurs (D:9)
  2 ogres
  4 bullfrogs
  A kobold brigand (D:10)
  4 scorpions
  2 necrophages
  5 wights (D:9)
  6 killer bees
  5 howler monkeys
  3 hounds (D:5)
  2 jellies
  2 orc priests
  Crazy Yiuf (D:3)
  4 iguanas
  2 orc wizards (D:9)
  7 gnolls
  5 adders
  4 shadow imps (D:5)
  A white imp (D:6)
  3 ufetubi
  2 dart slugs
  28 orcs
  2 ball pythons (D:3)
  5 endoplasms
  2 giant cockroaches
  2 goblins
  5 hobgoblins
  2 jackals (D:1)
  19 kobolds
  A quokka (D:1)
  2 bats
  2 frilled lizards
  A rat (D:2)
173 creatures vanquished.

Vanquished Creatures (others)
  219 foxfires
  5 plants (D:5)
224 creatures vanquished.

Grand Total: 397 creatures vanquished

Notes
Turn   | Place    | Note
-------+----------+-------------------------------------------
     0 | D:1      | hawla the Meteoran Fire Elementalist began the quest for
                  | the Orb.
     0 | D:1      | Reached XP level 1. HP: 14/14 MP: 5/5
    49 | D:1      | Reached XP level 2. HP: 20/20 MP: 1/6
    91 | D:2      | Reached skill level 3 in Spellcasting
   126 | D:2      | Reached XP level 3. HP: 26/26 MP: 1/8
   157 | D:2      | Learned a level 2 spell: Scorch
   359 | D:3      | Reached XP level 4. HP: 33/33 MP: 10/10
   367 | D:3      | Learned a level 4 spell: Flame Wave
   418 | D:3      | Found a runed translucent door.
   419 | D:3      | Noticed Crazy Yiuf
   425 | D:3      | Killed Crazy Yiuf
   488 | D:3      | Reached XP level 5. HP: 32/38 MP: 2/11
   565 | D:3      | Found a shimmering altar of Xom.
   566 | D:3      | Found a shimmering altar of Xom.
   566 | D:3      | Found a shimmering altar of Xom.
   567 | D:3      | Found a shimmering altar of Xom.
   784 | D:4      | Reached XP level 6. HP: 45/45 MP: 3/12
   798 | D:4      | Noticed a black bear
   807 | D:4      | HP: 2/45 [kobold/+0 club (1)]
   809 | D:4      | Killed a black bear
  1016 | D:4      | Reached skill level 1 in Maces & Flails
  1016 | D:4      | Reached XP level 7. HP: 35/50 MP: 13/13
  1455 | D:5      | Entered Level 5 of the Dungeon
  1455 | D:5      | Found Neoc's Assorted Antiques.
  1462 | D:5      | Bought a scroll labelled WOJET VERIXIBB for 22 gold pieces
  1462 | D:5      | Bought a scroll labelled SUHYEB VELOE for 22 gold pieces
  1462 | D:5      | Bought 3 scrolls labelled PEHUKA VEFI for 66 gold pieces
  1492 | D:5      | Reached skill level 4 in Spellcasting
  1492 | D:5      | Reached skill level 5 in Fire Magic
  1498 | D:5      | Reached skill level 1 in Fighting
  1518 | D:5      | Reached XP level 8. HP: 53/59 MP: 15/15
  1534 | D:5      | Found a transporter.
  1564 | D:5      | Reached skill level 5 in Conjurations
  1843 | D:5      | Found a transporter.
  2036 | D:5      | Reached skill level 5 in Spellcasting
  2234 | D:5      | Reached skill level 1 in Evocations
  2301 | D:6      | Gained mutation: You passively map the area around you.
                  | [Meteoran growth]
  2301 | D:6      | Reached XP level 9. HP: 58/67 MP: 2/18
  2328 | D:6      | Reached skill level 6 in Spellcasting
  2438 | D:6      | Reached skill level 7 in Spellcasting
  2471 | D:6      | Reached skill level 5 in Maces & Flails
  2831 | D:7      | Reached XP level 10. HP: 74/75 MP: 22/22
  2864 | D:7      | Found a staircase to the Ecumenical Temple.
  2883 | D:7      | Reached skill level 8 in Spellcasting
  2901 | Temple   | Entered the Ecumenical Temple
  3123 | D:7      | You fall into a shaft and drop 2 floors!
  3189 | D:9      | Found a staircase to the Orcish Mines.
  3340 | D:9      | Reached skill level 5 in Dodging
  3340 | D:9      | Reached skill level 9 in Spellcasting
  3731 | D:9      | Reached skill level 10 in Spellcasting
  3753 | D:9      | Reached XP level 11. HP: 68/82 MP: 13/26
  4282 | D:9      | Gained mutation: Potions are less effective at restoring
                  | your health. [potion of mutation]
  4282 | D:9      | Gained mutation: You have a pair of small horns on your
                  | head. [potion of mutation]
  4282 | D:9      | Gained mutation: You sometimes lose your temper in combat.
                  | [potion of mutation]
  4282 | D:9      | Gained mutation: You are partially covered in iridescent
                  | scales. (AC +2) [potion of mutation]
  4283 | D:9      | Lost mutation: You are partially covered in iridescent
                  | scales. (AC +2) [potion of mutation]
  4283 | D:9      | Lost mutation: Potions are less effective at restoring your
                  | health. [potion of mutation]
  4283 | D:9      | Gained mutation: You are partially covered in iridescent
                  | scales. (AC +2) [potion of mutation]
  4326 | D:10     | Entered Level 10 of the Dungeon
  4346 | D:10     | Found a white marble altar of Elyvilon.
  4421 | D:10     | Found Inuipuoq's Vocational Training.
  4448 | D:10     | Found a shadowy altar of Dithmenos.
  4461 | D:10     | Reached skill level 10 in Fire Magic
  4463 | D:10     | Noticed a two-headed ogre
  4469 | D:10     | Reached skill level 11 in Spellcasting
  4473 | D:10     | Killed a two-headed ogre
  4519 | D:10     | Slain by an orc warrior

Illustrated notes

Levels and vault maps discovered:
D:1:      wander_arrival_estate, layout_rooms
D:2:      cheibrodos_fertilizer, layout_rooms, serial_shops,
          nicolae_diamond_shop
D:3:      layout_rooms, xom_redecorated, uniq_crazy_yiuf_cottage
D:4:      layout_basic, st_stairs_2, kennysheep_generic_room_8
D:5:      gammafunk_wand_slinger, layout_basic, serial_shops,
          nicolae_stop_n_shop_2, minmay_puff
D:6:      layout_rooms
D:7:      layout_basic, mainiacjoe_overflow_brackets, minmay_temple_entry_glass
D:9:      layout_layer_cave, hiddenorc1_lemuel
D:10:     minmay_bubble_buster, layout_rooms, elyvilon_altar_3,
          nicolae_overflow_hidden_temple, mainiacjoe_overflow_paths,
          nicolae_shop_vocational
Temple:   compressed_dpeg_circular_temple

Skill      XL: |  1  2  3  4  5  6  7  8  9 10 11 |
---------------+----------------------------------+-----
Fire Magic     | 4 5 7 9 10 | 10.5
Spellcasting   | 3 4 5 7 10 11 | 11.4
Conjurations   | 3 4 5 6 7 |  7.2
Staves         | 2 4 |  4.1
Maces & Flails | 1 3 4 5 6 |  6.6
Dodging        | 3 4 5 |  5.8
Fighting       | 1 2 3 |  3.9
Evocations     | 3 |  3.0
Necromancy     | 3 |  3.0
Stealth        | |  1.4

Action                   |  1- 3 |  4- 6 |  7- 9 | 10-12 || total
-------------------------+-------+-------+-------+-------++-------
Melee: Unarmed           |     4 |       |       |       ||     4
       Punch             |     1 |       |       |     1 ||     2
       Flail             |     3 |    35 |    75 |    35 ||   148
       Staff             |       |       |       |    14 ||    14
       Headbutt          |       |       |       |     4 ||     4
 Cast: Foxfire           |    39 |    16 |    45 |    23 ||   123
       Scorch            |     1 |    10 |    37 |    33 ||    81
       Flame Wave        |       |     2 |     7 |    17 ||    26
Evoke: Wand              |       |       |       |     1 ||     1
  Use: Potion            |     1 |     4 |     1 |     2 ||     8
       Scroll            |       |     1 |    10 |     2 ||    13
Armor: Robe              |     9 |    33 |    38 |    48 ||   128
Dodge: Dodged            |    12 |    53 |    64 |    74 ||   203
Block: Other             |       |       |     4 |       ||     4
       Reflection        |       |       |     1 |       ||     1
